 Dungeon Crawl Stone Soup version 0.27-a0-1202-ge72e49191c (webtiles) character file.

Game seed: 10642967687355261905

9 sanka the Charlatan (level 2, 0/23 HPs)
             Began as a Djinni Artificer on June 4, 2021.
             Slain by a kobold
             ... wielding a +0 short sword
              (4 damage)
             ... on level 1 of the Dungeon.
             The game lasted 00:00:25 (337 turns).

sanka the Charlatan (Djinni Artificer)               Turns: 337, Time: 00:00:25

Health: 0/23       AC:  3    Str: 11    XL:     2   Next: 20%
Gold:   0          EV: 11    Int: 12    God:
                   SH:  0    Dex: 13

rFire    + + .     SeeInvis .   a - +0 club
rCold    x . .     Faith    .   (no shield)
rNeg     . . .     Spirit   .   b - +0 leather armour
rPois    ∞         Reflect  .   (no helmet)
rElec    .         Harm     .   (no cloak)
rCorr    .         Rampage  .   (no gloves)
Will     .....                  (boots unavailable)
Stlth    +.........             (no amulet)
HPRegen  0.07/turn              (no ring)
MPRegen  0.00/turn              (no ring)

@: flying
A: sickness immunity, fire resistance 2, cold vulnerability 1, float, innate
caster, hp casting, extra vitality 1
a: no special abilities


You were on level 1 of the Dungeon.
You visited 1 branch of the dungeon, and saw 1 of its levels.


Innate Abilities, Weirdness & Mutations

You are immune to sickness and miasma.
You are immune to poison.
Your flesh is very heat resistant. (rF++)
You are vulnerable to cold. (rC-)
You float through the air rather than walking.
You learn spells naturally, not from books.
Your magical power is your life essence.
You have superior vitality. (+4 HP)


   Skills:
 + Level 2.1 Fighting
 - Level 1.0 Armour
 - Level 2.1 Dodging
 - Level 0.7 Stealth
 - Level 3.0 Evocations


You had one spell level left.
You didn't know any spells.
Your spell library was empty.

Inventory:

Hand Weapons
 a - a +0 club (weapon)
Armour
 b - a +0 leather armour (worn)
Wands
 c - a wand of flame (15) (quivered)
 d - a wand of charming (15)
Miscellaneous
 e - a piece from Xom's chessboard (15/15)

Dungeon Overview and Level Annotations

Branches:
Dungeon (1/15)

Altars:

▒▒▒▒▒▒▒▒▒▒▒▒▒▒.▒.....▒▒
.....................+
......▒▒....r........▒
...... ▒.............▒
......▒▒..........▒▒▒▒
(.................▒
........▒▒▒▒▒▒▒▒▒▒▒
........▒▒▒▒
........KR.▒ ▒▒▒
........▒▒.▒▒ ▒.▒ ▒▒
.▒▒▒▒▒▒▒▒▒▒.▒▒▒ ▒.▒
▒▒▒. ▒▒..▒▒▒▒'▒▒▒▒..▒
▒▒▒..'...'..▒▒▒
▒▒▒▒.<.▒▒▒▒
▒▒▒..'...'..▒
▒▒..▒▒▒▒'▒▒▒▒..▒ ▒▒.▒▒▒
▒.▒ .


You could see a kobold.


Message History

You have reached level 2!
You closely miss the jackal. The jackal bites you.
* * * LOW HITPOINT WARNING * * *
The jackal barely misses you.
You hit the jackal.
The jackal is heavily wounded.
The jackal barely misses you. The jackal bites you.
* * * LOW HITPOINT WARNING * * *
You hit the jackal.
You kill the jackal!
The jackal closely misses you.
Your Fighting skill increases to level 2!
You hit the jackal.
The jackal is moderately wounded.
The jackal bites you but does no damage.
The jackal closely misses you.
You hit the jackal.
You kill the jackal!
The kobold throws a stone.
The stone closely misses you.
You hit the kobold.
The kobold is severely wounded.
The kobold hits you with a +0 short sword.
* * * LOW HITPOINT WARNING * * *
You completely miss the kobold.
The kobold is severely wounded.
The kobold hits you with a +0 short sword.
You die...

Action                   || total
-------------------------++-------
Melee: Club              ||    52
Armor: Leather armour    ||    15
Dodge: Dodged            ||    42

Levels and vault maps discovered:
D:1:      dpeg_arrival_radiant, layout_basic, serial_shops,
          nicolae_shop_waterfront, serial_forest, infiniplex_forest_diagonal,
          infiniplex_forest_clump_tiny, infiniplex_forest_clump_double,
          infiniplex_forest_corner_1, infiniplex_forest_3_way,
          infiniplex_forest_clump_diagonal, minmay_misc_feat_encased

Notes
Turn   | Place    | Note
-------+----------+-------------------------------------------
     0 | D:1      | sanka the Djinni Artificer began the quest for the Orb.
     0 | D:1      | Reached XP level 1. HP: 17/17 MP: 0/0
   331 | D:1      | Reached XP level 2. HP: 8/23 MP: 0/0
   334 | D:1      | Reached skill level 2 in Fighting
   337 | D:1      | Slain by a kobold

Vanquished Creatures
  A hobgoblin (D:1)
  3 jackals (D:1)
  2 frilled lizards (D:1)
  A goblin (D:1)
  A kobold (D:1)
  A rat (D:1)
9 creatures vanquished.
